AoeStats
← filiusgaya

Coastal Forest

510416357Analyzed
4v4 RM · 2d ago on Sep 30, 2026· 68m 32s· 8 players
Game mode
Random Map
Map size
Large (8 player)
Population
200
Speed
Normal
Resources
Standard
Victory
Conquest
Starting age
Dark Age
Ending age
Imperial Age
RankedLock teamsTeams togetherTeam positionsShared explorationLock speedFull tech treeHidden civsTurbo modeCheats
Victory
Defeat
🇬🇧 Hindustanis · United Kingdom
848
+9
🇦🇺 Dravidians · Australia
754
+13
🇹🇷 Vietnamese · Türkiye
705
+15
🇧🇷 Franks · Brazil
681
+15
🇲🇽 Persians · Mexico
715
-14
🇲🇽 Turks · Mexico
701
-14
🇺🇸 Huns · United States
666
-22
🇺🇸 Spanish · United States
647
-12
santiagocasabsalado
11:50 Feudal Age
12:13 Double-Bit Axe
12:15 Horse Collar
12:28 Gold Mining
12:30 Stone Mining
14:24 Loom
17:21 Fishing Lines
17:27 Man-at-Arms
29:44 Castle Age
30:28 Long Swordsman
30:54 Gambesons
34:44 Bow Saw
34:36 Heavy Plow
35:27 Gold Shaft Mining
35:27 Stone Shaft Mining
36:07 Squires
35:28 Pikeman
36:33 Gillnets
37:52 Wheelbarrow
38:47 Padded Archer Armor
38:37 Fletching
38:53 Scale Barding Armor
39:49 Leather Archer Armor
39:45 Forging
41:07 Elite Skirmisher
42:59 Kamandaran
47:49 Iron Casting
50:09 Imperial Age
47:59 Hand Cart
47:30 Town Watch
49:50 Halberdier
49:59 Heavy Camel Rider
50:50 Bloodlines
51:51 Chemistry
54:12 Caravan
filiusgaya
1:41 Loom
12:37 Feudal Age
13:04 Double-Bit Axe
13:03 Horse Collar
14:20 Fishing Lines
20:41 Gold Mining
25:13 Castle Age
23:47 Town Watch
23:57 Stone Mining
27:46 Gold Shaft Mining
27:23 Bow Saw
28:32 Husbandry
28:42 Bloodlines
32:56 Town Patrol
33:32 Wheelbarrow
34:06 Forging
33:57 Scale Mail Armor
34:02 Scale Barding Armor
33:58 Padded Archer Armor
33:48 Fletching
34:02 Caravan
36:40 Imperial Age
34:34 Squires
34:55 Thumb Ring
35:28 Hand Cart
35:57 Sipahi
36:54 Heavy Camel Rider
37:52 Leather Archer Armor
37:52 Chain Mail Armor
37:58 Chain Barding Armor
38:13 Iron Casting
37:34 Bodkin Arrow
38:02 Bombard Tower
37:23 Treadmill Crane
37:54 Fortified Wall
38:09 Conscription
40:07 Two-Man Saw
39:05 Gillnets
43:08 Plate Barding Armor
43:03 Plate Mail Armor
43:34 Blast Furnace
42:34 Bracer
43:05 Ring Archer Armor
42:54 Guilds
43:49 Artillery
47:22 Coinage
48:13 Parthian Tactics
53:49 Banking
60:36 Elite Janissary
Looting
2:37 Loom
13:34 Feudal Age
15:27 Double-Bit Axe
20:06 Castle Age
19:11 Horse Collar
19:45 Forging
19:42 Scale Barding Armor
21:12 Gold Mining
23:55 Bow Saw
24:01 Stone Mining
30:20 Imperial Age
29:45 Fletching
29:57 Padded Archer Armor
33:23 Bodkin Arrow
34:19 Conscription
34:56 Leather Archer Armor
35:49 Bracer
36:56 Ring Archer Armor
38:15 Wheelbarrow
37:35 Town Watch
39:14 Chain Barding Armor
38:20 Cavalier
42:04 Chemistry
42:07 Plate Barding Armor
46:02 Hand Cart
49:40 Pikeman
51:12 Halberdier
52:39 Scale Mail Armor
54:11 Chain Mail Armor
54:34 Murder Holes
55:17 Iron Casting
57:30 Plate Mail Armor
59:06 Bombard Tower
ethangoebel8
12:37 Feudal Age
13:54 Wheelbarrow
13:04 Horse Collar
13:13 Double-Bit Axe
15:54 Man-at-Arms
Doofus
10:34 Feudal Age
11:04 Horse Collar
12:02 Double-Bit Axe
17:53 Castle Age
16:30 Fishing Lines
19:20 Wheelbarrow
18:48 Heavy Plow
19:01 Bow Saw
19:11 Town Watch
20:48 Hand Cart
26:20 Fletching
27:20 Loom
27:34 Gillnets
27:48 Gold Mining
28:11 Forging
27:56 Bodkin Arrow
31:41 Imperial Age
29:17 Husbandry
29:28 Bloodlines
30:04 Bloodlines
32:12 Iron Casting
31:32 Bodkin Arrow
31:47 Heavy Camel Rider
34:03 Two-Man Saw
34:10 Blast Furnace
33:32 Conscription
33:36 Scale Barding Armor
35:27 Gold Shaft Mining
34:37 Imperial Camel Rider
36:23 Chain Barding Armor
36:04 Bracer
36:50 Caravan
37:20 Coinage
36:53 Grand Trunk Road
37:04 Town Patrol
38:37 Stone Mining
39:04 Scale Mail Armor
39:40 Plate Barding Armor
40:03 Murder Holes
40:28 Ballistics
41:09 Chemistry
40:27 Elite Ghulam
41:45 Hoardings
42:26 Chain Mail Armor
42:29 Masonry
42:25 Siege Engineers
42:29 Squires
45:25 Padded Archer Armor
45:10 Siege Elephant
48:15 Banking
58:36 Onager
62:03 Shatagni
64:19 Thumb Ring
mrBoombastic
0:37 Loom
21:20 Feudal Age
21:57 Double-Bit Axe
21:55 Horse Collar
21:40 Man-at-Arms
22:06 Arson
26:43 Castle Age
25:43 Stone Mining
25:43 Gold Mining
26:48 Town Watch
27:39 Wheelbarrow
27:58 Coinage
27:28 Caravan
27:11 Long Swordsman
29:08 Bow Saw
29:15 Heavy Plow
29:30 Squires
30:16 Town Patrol
32:36 Stone Shaft Mining
32:41 Elite Skirmisher
33:26 Pikeman
41:31 Imperial Age
39:30 Murder Holes
39:48 Fortified Wall
40:00 Ballistics
39:21 Treadmill Crane
39:52 Masonry
41:45 Elite Rattan Archer
43:13 Imperial Skirmisher
43:46 Imperial Skirmisher
44:10 Elite Battle Elephant
46:49 Chemistry
47:48 Chatras
49:27 Two-Man Saw
49:08 Crop Rotation
50:37 Padded Archer Armor
50:27 Fletching
50:38 Scale Mail Armor
50:48 Forging
52:10 Banking
51:51 Guilds
53:24 Sappers
55:44 Hoardings
60:06 Paper Money
61:08 Leather Archer Armor
60:49 Bodkin Arrow
61:00 Scale Barding Armor
61:06 Forging
67:32 Heated Shot
67:48 Siege Engineers
67:29 Arrowslits
68:20 Ring Archer Armor
67:50 Bracer
68:26 Iron Casting
68:06 Chain Mail Armor
[MCC] Bacteria-Am
Harambe
0:26 Loom
14:12 Feudal Age
14:38 Double-Bit Axe
14:39 Horse Collar
16:17 Wheelbarrow
23:32 Castle Age
21:31 Gold Mining
21:58 Stone Mining
23:43 Pikeman
24:24 Squires
23:51 Elite Skirmisher
29:49 Bow Saw
32:19 Fishing Lines
33:16 Hand Cart
34:15 Thumb Ring
35:34 Gillnets
36:26 Heavy Plow
42:25 Imperial Age
40:03 Medical Corps
43:53 Conscription
44:58 Shipwright
45:43 Chemistry
45:05 Ballistics
44:56 Clinker Construction
44:57 Careening
44:14 Halberdier
45:51 Fletching
46:13 Forging
46:04 Scale Mail Armor
46:08 Imperial Skirmisher
49:16 Bodkin Arrow
49:26 Padded Archer Armor
50:24 Carvel Hull
50:26 Dry Dock
52:27 Bracer
52:45 Leather Archer Armor
54:42 Two-Man Saw
54:55 Wootz Steel
55:26 Elite Cannon Galleon
59:28 Ring Archer Armor
60:27 Elite Urumi Swordsman
62:34 Chain Mail Armor
62:55 Iron Casting
62:59 Caravan
67:14 Plate Mail Armor
67:19 Iron Casting
Connection lost

Rejoining the realm…

Still unreachable

The connection could not be restored.

Session expired

The server has moved on; the page needs a fresh start.